 Dungeon Crawl Stone Soup version 0.21.1-1-g345015f (webtiles) character file.

60 unrecovered the Magician (level 4, 0/33 HPs)
             Began as a Formicid Wizard on Feb 6, 2018.
             Succumbed to an adder's poison
             ... on level 1 of the Dungeon.
             The game lasted 00:05:54 (2205 turns).

unrecovered the Magician (Formicid Wizard)          Turns: 2205, Time: 00:05:55

Health: 0/33       AC:  6    Str: 11    XL:     4   Next: 25%
Magic:  8/8        EV:  9    Int: 19    God:
Gold:   63         SH:  0    Dex:  9    Spells: 1/9 levels left

rFire    . . .     SeeInvis +   p - +1 whip
rCold    . . .     Gourm    .   (no shield)
rNeg     . . .     Faith    .   o - +0 scale mail
rPois    .         Spirit   .   (helmet unavailable)
rElec    .         Reflect  .   (no cloak)
rCorr    .         Harm     .   (no gloves)
MR       .....                  (no boots)
Stlth    ..........             (no amulet)
HPRegen  0.11/turn              (no ring)
MPRegen  0.11/turn              (no ring)

@: lethally poisoned (0 -> -13)
A: permanent stasis, dig shafts and tunnels, four strong arms, antennae 3
a: Dig, Shaft Self


You were on level 1 of the Dungeon.
You were not hungry.

You visited 1 branch of the dungeon, and saw 2 of its levels.

You collected 63 gold pieces.

Inventory:

Hand Weapons
 d - a +0 short sword
 h - a +0 club
 p - a +1 whip (weapon)
Armour
 a - a +0 robe
 o - a +0 scale mail (worn)
Potions
 i - a potion of agility
 n - a potion of berserk rage
Books
 b - a book of Minor Magic

   Spells                             Type                      Level
   a - Magic Dart                     Conjuration                  1
   b - Blink                          Translocation                2
   c - Call Imp                       Summoning                    2
   d - Slow                           Hexes                        2
   e - Conjure Flame                  Conjuration/Fire             3
   f - Mephitic Cloud                 Conjuration/Poison/Air       3
Comestibles
 c - 2 rations
 q - 2 chunks of flesh


   Skills:
 + Level 1.8 Fighting
 + Level 1.6 Maces & Flails
 + Level 1.8 Armour
 - Level 2.0 Dodging
 - Level 2.6 Stealth
 - Level 3.2 Spellcasting
 - Level 0.8 Conjurations
 - Level 1.0 Summonings
   Level 0.8 Translocations


You had one spell level left.
You knew the following spells:

 Your Spells              Type           Power        Failure   Level  Hunger
a - Magic Dart            Conj           #...         52%         1    None
b - Call Imp              Summ           #.......     65%         2    ##.....
c - Mephitic Cloud        Conj/Pois/Air  #.......     93%         3    ###....
d - Slow                  Hex            #.......     80%         2    ##.....


Dungeon Overview and Level Annotations

Branches:
Dungeon (2/15)

Altars:


Innate Abilities, Weirdness & Mutations

You cannot be hasted, slowed, berserked, paralysed or teleported.
You can dig through walls and to a lower floor.
Your four strong arms can wield two-handed weapons with a shield.
You have a pair of large antennae on your head. (SInv)


Message History

You are lethally poisoned!
The adder poisons you!
You barely miss the adder.
The adder is heavily wounded.
The adder bites you.
* * * LOW HITPOINT WARNING * * *
You are more poisoned.
The adder poisons you!
You miss the adder.
The adder is heavily wounded.
* * * LOW HITPOINT WARNING * * *
You feel sick. The adder bites you.
* * * LOW HITPOINT WARNING * * *
You closely miss the adder.
The adder is heavily wounded.
* * * LOW HITPOINT WARNING * * *
You feel sick.
The adder bites you but does no damage. x2
You hit the adder.
You kill the adder!
You die...

#...#.#.#.#.#.#.#.#...##)#
..#.###############.#....#
##.........# #.##...##.#
#.#####.### #.#######.#
#.# #.# #.# #.# #.#
#.#######.#######.#
##.#####.##....÷w........#
............####.#########
##.#####.#######@# ...#
#.÷.......# ####
###########


You could see a worm.

Vanquished Creatures
  3 adders
  An ooze (D:2)
  4 leopard geckos
  A ball python (D:1)
  A bat (D:2)
  A giant cockroach (D:1)
  3 goblins
  5 hobgoblins
  3 frilled lizards (D:1)
  2 kobolds
  2 rats (D:1)
26 creatures vanquished.

Notes
Turn   | Place    | Note
-------+----------+-------------------------------------------
     0 | D:1      | unrecovered the Formicid Wizard began the quest for the Orb.
     0 | D:1      | Reached XP level 1. HP: 13/13 MP: 4/4
    87 | D:1      | Reached XP level 2. HP: 19/19 MP: 6/6
   901 | D:1      | Reached skill level 1 in Fighting
  1031 | D:2      | Reached skill level 1 in Armour
  1117 | D:2      | Reached XP level 3. HP: 14/26 MP: 5/7
  1119 | D:2      | Reached skill level 1 in Maces & Flails
  1278 | D:2      | Learned a level 2 spell: Call Imp
  1282 | D:2      | Learned a level 3 spell: Mephitic Cloud
  1285 | D:2      | Learned a level 2 spell: Slow
  2066 | D:2      | Reached XP level 4. HP: 26/33 MP: 8/8
  2204 | D:1      | HP: 1/33 [poisoned by an adder]
  2205 | D:1      | Succumbed to an adder's poison

Skill      XL: |  1  2  3 |
---------------+----------+-----
Dodging        | 2 |  2.0
Fighting       | 1 |  1.8
Armour         | 1 |  1.8
Maces & Flails | 1 |  1.6
Stealth        | |  2.6
Spellcasting   | |  3.2
Conjurations   | |  0.8
Summonings     | |  1.0
Translocations | |  0.8

Action                   |  1- 3 |  4- 6 || total
-------------------------+-------+-------++-------
Melee: Club              |   106 |       ||   106
       Short sword       |     5 |       ||     5
       Whip              |    22 |    38 ||    60
 Cast: Magic Dart        |    16 |       ||    16
  Use: Potion            |     2 |       ||     2
       Scroll            |       |     7 ||     7
 Stab: Sleeping          |     3 |       ||     3
  Eat: Chunk             |     4 |       ||     4
Armor: Robe              |    12 |       ||    12
       Scale mail        |    27 |    20 ||    47
Dodge: Dodged            |   126 |    24 ||   150
